 Dungeon Crawl Stone Soup version 0.25-a0-426-g7d9e569eea (webtiles) character file.

Game seed: 14318442059593754847, levelgen mode: deterministic

212 Kohma the Changer (level 5, -9/40 HPs)
             Began as a Draconian Transmuter on Jan 25, 2020.
             Mangled by Robin
             ... wielding a +2 whip of electrocution
              (13 damage)
             ... on level 3 of the Dungeon.
             The game lasted 00:09:18 (3166 turns).

Kohma the Changer (Draconian Transmuter)            Turns: 3166, Time: 00:09:19

Health: -9/40      AC:  7    Str: 12    XL:     5   Next: 58%
Magic:  1/8        EV: 12    Int: 15    God:
Gold:   179        SH:  0    Dex: 11    Spells: 2/8 levels left

rFire    . . .     SeeInvis +     - Unarmed
rCold    . . .     Gourm    .   (no shield)
rNeg     . . .     Faith    .   (armour unavailable)
rPois    .         Spirit   .   (helmet restricted)
rElec    .         Reflect  .   (no cloak)
rCorr    .         Harm     .   (no gloves)
MR       .....                  m - +1 pair of boots
Stlth    +.........             (no amulet)
HPRegen  0.13/turn              q - ring of see invisible
MPRegen  0.11/turn              (no ring)

@: appendage (expiring)
A: unfitting armour, horns 2, cold-blooded, AC +5
a: End Transformation


You were on level 3 of the Dungeon.
You were not hungry.
You had grown temporary horns.
You visited 1 branch of the dungeon, and saw 4 of its levels.

You collected 179 gold pieces.

Inventory:

Hand Weapons
 i - a +0 short sword
 j - a +0 dagger of holy wrath
 n - a +0 dagger of electrocution
Missiles
 a - 44 arrows
 d - 41 sling bullets
 g - 45 poisoned darts (quivered)
 h - 43 bolts
Armour
 m - a +1 pair of boots (worn)
 s - a +0 shield
Jewellery
 q - a ring of see invisible (left hand)
Scrolls
 e - 2 scrolls of teleportation {unknown}
 k - 2 scrolls of amnesia
 r - a scroll of noise {unknown}
 t - a scroll of fog
 v - a scroll of random uselessness {unknown}
Potions
 b - 2 potions of magic
 l - a potion of berserk rage {unknown}
 o - a potion of lignification {unknown}
 p - a potion of curing {unknown}
 u - a potion of flight {unknown}
Comestibles
 c - 8 rations
 f - 2 chunks of flesh


   Skills:
 - Level 1.1 Fighting
 - Level 1.7 Dodging
 - Level 3.0 Unarmed Combat
 - Level 2.0 Spellcasting
 + Level 5.6 Transmutations
 + Level 1.3 Poison Magic


You had 2 spell levels left.
You knew the following spells:

 Your Spells              Type           Power        Failure   Level  Hunger
a - Beastly Appendage     Tmut           ###...       2%          1    #......
b - Sticks to Snakes      Tmut           ###.....     3%          2    ###....
c - Spider Form           Tmut/Pois      ##........   16%         3    ###....

Your spell library contained the following spells:

 Spells                   Type           Power        Failure   Level  Hunger
 Blade Hands              Tmut           ###.......   52%         5    ######.
 Ice Form                 Ice/Tmut       ##......     56%         4    #####..


Dungeon Overview and Level Annotations

Branches:
Dungeon (4/15)
 Temple: D:4-7

Altars:
Dithmenos

Annotations:
D:3 Robin


Innate Abilities, Weirdness & Mutations

Your plain brown scales are hard. (AC +5)
You cannot fit into any form of body armour.
You are cold-blooded and may be slowed by cold attacks.
You have a pair of horns on your head.


Message History

Robin is heavily wounded.
Your ball python bites Robin but does no damage.
Your ball python grabs Robin.
Your ball python constricts Robin.
The hobgoblin hits you. Robin hits you but does no damage.
You are electrocuted!!
Ouch! That really hurt!
* * * LOW HITPOINT WARNING * * *
Okay, then.
Your transformation is almost over.
Your ball python bites Robin but does no damage.
Your ball python constricts Robin.
The hobgoblin hits you.
* * * LOW HITPOINT WARNING * * *
Robin barely misses you.
You climb upwards.
Your summoned ally is left behind.
There is a stone staircase leading down here.
Casting: Sticks to Snakes (safe; 3% risk of failure)
Confirm with . or Enter, or press ? or * to list all spells.
You create a snake!
You now have 44 arrows.
The hobgoblin barely misses you. Robin hits you but does no damage.
You are electrocuted!
You die...

#..............[..
#.######.#.#######
#.# #.#........ #.#
#.#.......( #.#
#.#.#..#... #.#
#.#.#..#.## #.#
#.#.#..#.#
#g######^.....#.##
#@gS..............
########......#.##
#.....##.# #.#.#....#
#.#.#)####
###########.#.#.##
#...........#....#
#)###########....####
#.#.....##..........#


You could see Robin, a hobgoblin and a friendly ball python.

Vanquished Creatures
  A bullfrog skeleton (D:4)
  7 adders
  An ooze (D:1)
  A worm (D:2)
  A leopard gecko (D:1)
  5 orcs (D:3)
  4 giant cockroaches
  7 hobgoblins
  4 jackals (D:2)
  A ball python (D:1)
  5 bats
  3 frilled lizards
  15 goblins
  9 kobolds
  3 rats
67 creatures vanquished.

Vanquished Creatures (collateral kills)
  An orc priest (D:3)
  3 adders
  An ooze (D:3)
  2 orcs (D:3)
  A goblin (D:4)
  A quokka (D:3)
  A bat (D:2)
10 creatures vanquished.

Grand Total: 77 creatures vanquished

Notes
Turn   | Place    | Note
-------+----------+-------------------------------------------
     0 | D:1      | Kohma the Draconian Transmuter began the quest for the Orb.
     0 | D:1      | Reached XP level 1. HP: 16/16 MP: 3/3
   154 | D:1      | Reached XP level 2. HP: 23/23 MP: 3/5
   399 | D:1      | Reached skill level 3 in Transmutations
  1115 | D:2      | Found a faded altar of an unknown god.
  1119 | D:2      | Learned a level 2 spell: Sticks to Snakes
  1134 | D:2      | Reached XP level 3. HP: 28/28 MP: 4/6
  1331 | D:2      | Reached skill level 4 in Transmutations
  1565 | D:2      | Reached XP level 4. HP: 35/35 MP: 7/7
  1573 | D:2      | Learned a level 3 spell: Spider Form
  1713 | D:2      | You fall into a shaft and drop 2 floors!
  1771 | D:4      | Noticed Robin
  1980 | D:3      | Reached skill level 5 in Transmutations
  2031 | D:3      | Reached XP level 5. HP: 36/40 MP: 4/8
  2293 | D:3      | Found a shadowy altar of Dithmenos.
  2716 | D:3      | Reached skill level 1 in Poison Magic
  3166 | D:3      | Mangled by Robin

Levels and vault maps discovered:
D:1:      saegor_arrival_simple_c, layout_loops_ring
D:2:      layout_basic, chequers_ecumenical_altar_island, minmay_misc_feat_chi,
          minmay_tree_intersection
D:3:      layout_basic, nicolae_dithmenos_through_a_glass_darkly
D:4:      layout_basic, lemuel_blue_sif_altar, minmay_temple_entry_ruins,
          serial_shops, nicolae_shop_stone, first_ration,
          mrwooster_statue_mirror, uniq_robin, uniq_grinder, uniq_eustachio

Skill      XL: |  1  2  3  4  5 |
---------------+----------------+-----
Transmutations | 3 4 5 |  5.6
Poison Magic   | 1 |  1.3
Fighting       | |  1.1
Dodging        | |  1.7
Unarmed Combat | |  3.0
Spellcasting   | |  2.0

Action                   |  1- 3 |  4- 6 || total
-------------------------+-------+-------++-------
Melee: Unarmed           |   139 |   124 ||   263
       Kick              |     3 |       ||     3
       Headbutt          |    12 |    16 ||    28
       Tailslap          |    15 |    10 ||    25
       Punch             |     2 |     1 ||     3
 Cast: Beastly Appendage |    23 |    21 ||    44
       Sticks to Snakes  |     1 |    11 ||    12
  Use: Scroll            |       |     5 ||     5
 Stab: Sleeping          |     2 |     1 ||     3
  Eat: Chunk             |     3 |     6 ||     9
Armor: Skin              |    42 |    49 ||    91
Dodge: Dodged            |   114 |    89 ||   203

Table legend:
 A = Non-vault XP
 B = Vault XP
 C = Vault XP percentage of total XP
 D = Non-vault monster count
 E = Vault monster count
 F = Vault count percentage of total count
                 A         B        C        D         E       F
            +---------+---------+-------+---------+---------+-------
      Total |     301 |       2 |   0.7 |      75 |       2 |   2.6
            +---------+---------+-------+---------+---------+-------
        D:1 |      40 |       0 |   0.0 |      21 |       0 |   0.0
        D:2 |      70 |       0 |   0.0 |      26 |       0 |   0.0
        D:3 |     130 |       0 |   0.0 |      25 |       0 |   0.0
        D:4 |      61 |       2 |   3.2 |       3 |       2 |  40.0
            +---------+---------+-------+---------+---------+-------
